[Event "Team 45 45 League T88"]
[Site "Internet Chess Club"]
[Date "2021.05.09"]
[Round "5"]
[White "elmaestro"]
[Black "Threehundreds"]
[Result "0-1"]
[WhiteElo "1619"]
[BlackElo "1555"]
[Opening "Queen's pawn game"]
[ECO "A45"]
[Time "16:16:46"]
[TimeControl "2700+45"]

1. d4 Nf6 2. e3 g6 3. Bd3 d5 4. Nd2 Bg7 5. Ngf3 O-O 6. O-O b6 7. Qe2 c5 8. c3
Bb7 9. Ne5 Nc6 10. f4 cxd4 11. exd4 Nxe5 12. fxe5 Ne8 13. Qg4 Nc7 14. Nf3 Bc8
15. Qh4 Ne6 16. Ng5 Nxg5 17. Bxg5 f6 18. Bh6 Be6 19. Rae1 Qd7 20. a4 fxe5 21.
Bxg7 Kxg7 22. Bb5 Rxf1+ 23. Rxf1 Qd8 24. dxe5 a6 25. Bd3 Qc7 26. Qf4 a5 27. h4
Qc5+ 28. Kh2 Rd8 29. h5 d4 30. h6+ Kg8 31. Bxg6 hxg6 32. Qg5 Kh7 33. cxd4 Rxd4
34. Rc1 Qb4 35. Rc7 Rh4+ 36. Kg1 Qe1# {White checkmated} 0-1

[Event "Team 45 45 League T88"]
[Site "Internet Chess Club"]
[Date "2021.05.08"]
[Round "5"]
[White "ChessG2011"]
[Black "ascoli"]
[Result "1-0"]
[WhiteElo "1401"]
[BlackElo "1669"]
[Opening "French: advance, Paulsen attack"]
[ECO "C02"]
[Time "16:01:08"]
[TimeControl "2700+45"]

1. e4 e6 2. d4 d5 3. e5 c5 4. c3 Nc6 5. Nf3 Qb6 6. Be2 cxd4 7. cxd4 Nge7 8. O-O
Nf5 9. Be3 Qxb2 10. Nbd2 Ncxd4 11. Qa4+ Nc6 12. Rab1 Qc3 13. Rfc1 Qa5 14. Bb5
Qxa4 15. Bxa4 Nxe3 16. fxe3 Ba3 17. Rxc6 Bd7 18. Rc3 Bxa4 19. Rxa3 Bc6 20. Nd4
O-O 21. Nxc6 bxc6 22. Rab3 c5 23. Rc1 c4 24. Rb4 Rfc8 25. Nf3 Rab8 26. Rxb8 Rxb8
27. Rc2 Kf8 28. Nd4 Ke8 29. Kf2 Kd7 30. Ke2 f6 31. exf6 gxf6 32. g3 e5 33. Nf3
Ke6 34. g4 h5 35. gxh5 Rh8 36. Rb2 Rxh5 37. Rb7 e4 38. Nd4+ Kd6 39. Rxa7 Rxh2+
40. Kf1 c3 41. Ra6+ Kd7 42. Rc6 c2 43. Rxc2 Rxc2 44. Nxc2 f5 45. Nd4 {Black
resigns} 1-0

[Event "Team 45 45 League T88"]
[Site "Internet Chess Club"]
[Date "2021.05.09"]
[Round "5"]
[White "oldsj"]
[Black "doudou2011"]
[Result "0-1"]
[WhiteElo "1382"]
[BlackElo "1505"]
[Opening "Sicilian: Pelikan (Lasker/Sveshnikov) variation"]
[ECO "B33"]
[Time "14:02:45"]
[TimeControl "2700+45"]

1. e4 c5 2. Nf3 Nc6 3. d4 cxd4 4. Nxd4 Nf6 5. Nc3 e5 6. Ndb5 d6 7. Bg5 a6 8.
Bxf6 gxf6 9. Na3 b5 10. Nd5 Bg7 11. c3 f5 12. Bd3 Be6 13. O-O O-O 14. Nc2 fxe4
15. Bxe4 f5 16. Bf3 e4 17. Be2 f4 18. Bg4 Bxg4 19. Qxg4 Ne5 20. Qe6+ Kh8 21. Qe7
Qxe7 22. Nxe7 Rae8 23. Nd5 Nd3 24. Ncb4 Nxb2 25. Nxa6 Nd3 26. Nac7 Re5 27. Nb4
Nxb4 28. cxb4 Rc8 29. Rac1 Bf6 30. Rfd1 e3 31. fxe3 fxe3 32. Re1 Bg5 33. Rxe3
Bxe3+ {White resigns} 0-1

[Event "Team 45 45 League T88"]
[Site "Internet Chess Club"]
[Date "2021.05.07"]
[Round "5"]
[White "zugknightly"]
[Black "Ajolote"]
[Result "1/2-1/2"]
[WhiteElo "1918"]
[BlackElo "1978"]
[Opening "English opening"]
[ECO "A20"]
[Time "21:00:55"]
[TimeControl "2700+45"]

1. c4 e5 2. g3 Nf6 3. Bg2 d5 4. cxd5 Nxd5 5. Nf3 Nc6 6. O-O Nb6 7. d3 Be7 8.
Nbd2 O-O 9. a3 a5 10. b3 Be6 11. Bb2 f6 12. Rc1 Qd7 13. Ne4 Rfd8 14. Nc5 Bxc5
15. Rxc5 e4 16. Ne1 Qf7 17. Bxe4 Bxb3 18. Qc1 Bd5 19. Bxd5 Rxd5 20. Nf3 Re8 21.
Re1 Na4 22. Rc4 Nb6 23. Rc5 Na4 24. Rxd5 Qxd5 25. Qc2 Nc5 26. e4 Qxd3 27. Qxc5
Qxf3 28. Qd5+ {Game drawn by mutual agreement} 1/2-1/2

[Event "Team 45 45 League T88"]
[Site "Internet Chess Club"]
[Date "2021.05.06"]
[Round "5"]
[White "hipopotamos"]
[Black "Beetlejuice"]
[Result "0-1"]
[WhiteElo "1712"]
[BlackElo "1706"]
[Opening "Sicilian: Taimanov (Bastrikov) variation"]
[ECO "B47"]
[Time "14:00:51"]
[TimeControl "2700+45"]

1. e4 c5 2. Nf3 Nc6 3. d4 cxd4 4. Nxd4 e6 5. Nc3 Qc7 6. a3 a6 7. Be3 Nf6 8. Bd3
b5 9. O-O Bb7 10. f4 Bc5 11. Nf5 Qb6 12. Nxg7+ Kf8 13. Nxe6+ dxe6 14. Bxc5+
Qxc5+ 15. Kh1 Rg8 16. Qf3 Nd4 17. Qh3 Qh5 18. Qxh5 Nxh5 19. a4 b4 20. Na2 f5 21.
Rae1 a5 22. c3 Nb3 23. Rf2 Nc5 24. Bb1 Nxe4 25. Bxe4 Bxe4 26. b3 bxc3 27. Nxc3
Nf6 28. Nb5 Ke7 29. Rc1 Rac8 30. Rxc8 Rxc8 31. h3 Rc2 32. Rxc2 Bxc2 33. Nd4 Be4
34. Kh2 Kd6 35. Ne2 Kc5 36. Kg3 Kb4 37. Kh4 Bxg2 38. Kg5 Bxh3 39. Kxf6 Kxb3 40.
Kxe6 Kxa4 41. Kd5 Kb3 42. Nd4+ Kb2 43. Kc4 a4 44. Ne6 a3 45. Kd4 a2 46. Ng5 Bg4
47. Nxh7 a1=Q 48. Ke5 Qa5+ 49. Kf6 Qc7 50. Nf8 Qxf4 51. Ng6 Qd6+ 52. Kg5 Qxg6+
53. Kxg6 f4 54. Kg5 f3 55. Kxg4 f2 56. Kf5 f1=Q+ 57. Ke4 Kc3 58. Kd5 Qf6 59. Ke4
Kc4 60. Ke3 Qf5 61. Kd2 Qe4 62. Kc1 Kc3 63. Kd1 Qg2 64. Ke1 Kd3 65. Kd1 Qh1#
{White checkmated} 0-1

[Event "Team 45 45 League T88"]
[Site "Internet Chess Club"]
[Date "2021.05.09"]
[Round "5"]
[White "CPTsopiens"]
[Black "manfredo"]
[Result "1-0"]
[WhiteElo "1759"]
[BlackElo "1539"]
[Opening "Ruy Lopez: Wormald (Alapin) attack"]
[ECO "C77"]
[Time "16:01:07"]
[TimeControl "2700+45"]

1. e4 e5 2. Nf3 Nc6 3. Bb5 a6 4. Ba4 Nf6 5. Qe2 b5 6. Bb3 Bc5 7. c3 d6 8. O-O
O-O 9. Rd1 Qe7 10. d3 Bg4 11. h3 Bh5 12. Nbd2 Na5 13. Bc2 Bb6 14. b4 Nb7 15. Nf1
d5 16. Ng3 Bg6 17. Nh4 Nh5 18. Nhf5 Qf6 19. Nxh5 Bxh5 20. Qxh5 g6 21. Qg4 Qe6
22. Bh6 Rfd8 23. Ne3 Qf6 24. Qg3 dxe4 25. Bg5 {Black resigns} 1-0

[Event "Team 45 45 League T88"]
[Site "Internet Chess Club"]
[Date "2021.05.05"]
[Round "5"]
[White "fireball"]
[Black "fvafier"]
[Result "1-0"]
[WhiteElo "1497"]
[BlackElo "1483"]
[Opening "Sicilian: Smith-Morra gambit"]
[ECO "B21"]
[Time "12:00:56"]
[TimeControl "2700+45"]

1. e4 c5 2. d4 cxd4 3. c3 dxc3 4. Nxc3 e6 5. Nf3 Nc6 6. Bc4 a6 7. O-O Nge7 8.
Bg5 f6 9. Be3 b5 10. Bb3 Ng6 11. Nd5 exd5 12. exd5 Nce5 13. d6 Bb7 14. Re1 Nxf3+
15. gxf3 Ne5 16. Bc5 Rc8 17. Qd4 Be7 18. Rxe5 fxe5 19. Qxe5 Rxc5 20. Qxc5 Bxd6
21. Qxd6 Qe7 22. Qb8+ Qd8 23. Re1+ Kf8 24. Qxd8# {Black checkmated} 1-0

[Event "Team 45 45 League T88"]
[Site "Internet Chess Club"]
[Date "2021.05.09"]
[Round "5"]
[White "janh"]
[Black "Sloggi"]
[Result "1-0"]
[WhiteElo "1966"]
[BlackElo "1977"]
[Opening "Queen's pawn: Chigorin variation"]
[ECO "D00"]
[Time "22:05:56"]
[TimeControl "2700+45"]

1. d4 d5 2. Nc3 Nf6 3. Bf4 a6 4. e3 Bf5 5. f3 e6 6. g4 Bg6 7. h4 h5 8. g5 Ng8 9.
Bd3 Ne7 10. Nge2 Nd7 11. e4 c5 12. exd5 Bxd3 13. dxe6 Bg6 14. exd7+ Qxd7 15.
dxc5 O-O-O 16. Qxd7+ Rxd7 17. Na4 Nd5 18. O-O-O Kd8 19. Nb6 Nxb6 20. cxb6 Bc5
21. Bc7+ Kc8 22. Rxd7 Kxd7 23. Rd1+ Kc8 24. Nf4 Be3+ 25. Kb1 Bxf4 26. Bxf4 Re8
27. Bc7 Bf5 28. Kc1 Bd7 29. Rd3 Re2 30. b4 Re8 31. Kd2 Bf5 32. Rd4 Bd7 33. c4
Bc6 34. Rf4 Re7 35. Bd6 Re6 36. Bf8 Be8 37. Bxg7 Rxb6 38. c5 Re6 39. Bf6 Bb5 40.
Bd4 Be8 41. Be3 Kc7 42. Rd4 Bc6 43. Ke2 Bb5+ 44. Kf2 Bc6 45. a3 Bb5 46. f4 Bc6
47. f5 Re4 48. g6 fxg6 49. fxg6 Rxd4 50. Bxd4 Kd7 51. g7 Bd5 52. a4 Ke7 53. b5
axb5 54. axb5 Kf7 55. Ke3 Bc4 56. c6 bxc6 57. bxc6 Bd5 58. c7 Bb7 59. Kf4 {Black
resigns} 1-0

[Event "Team 45 45 League T88"]
[Site "Internet Chess Club"]
[Date "2021.05.10"]
[Round "5"]
[White "Tufnell"]
[Black "achessman"]
[Result "1/2-1/2"]
[WhiteElo "1847"]
[BlackElo "1863"]
[Opening "Petrov: classical attack, Chigorin variation"]
[ECO "C42"]
[Time "15:02:59"]
[TimeControl "2700+45"]

1. e4 e5 2. Nf3 Nf6 3. Nxe5 d6 4. Nf3 Nxe4 5. d4 d5 6. Bd3 Nc6 7. O-O Be7 8. Re1
Bg4 9. c3 Nf6 10. Nbd2 O-O 11. Nf1 Re8 12. Ne3 Bh5 13. Nf5 Bf8 14. Rxe8 Nxe8 15.
Bf4 Ne7 16. Ng3 Bg6 17. Qd2 Bxd3 18. Qxd3 Ng6 19. Bg5 Qd7 20. Re1 c6 21. h3 Nc7
22. Qf5 Qxf5 23. Nxf5 Re8 24. Rxe8 Nxe8 25. Kf1 f6 26. Bc1 Kf7 27. Ne1 Ke6 28.
Ng3 Bd6 29. Ne2 b6 {Game drawn by mutual agreement} 1/2-1/2

[Event "Team 45 45 League T88"]
[Site "Internet Chess Club"]
[Date "2021.05.06"]
[Round "5"]
[White "fhunfi"]
[Black "Portola"]
[Result "1/2-1/2"]
[WhiteElo "1731"]
[BlackElo "1744"]
[Opening "French: Rubinstein variation"]
[ECO "C10"]
[Time "17:00:19"]
[TimeControl "2700+45"]

1. e4 e6 2. d4 d5 3. Nc3 dxe4 4. Nxe4 Be7 5. Nf3 Nd7 6. Bd3 Ngf6 7. Qe2 Nxe4 8.
Bxe4 O-O 9. h4 Nf6 10. Bd3 c5 11. Bg5 g6 12. dxc5 Qa5+ 13. c3 Qxc5 14. O-O-O Nh5
15. Bh6 Rd8 16. g4 Nf6 17. Ne5 Nd7 18. f4 Nxe5 19. fxe5 Bd7 20. h5 Bc6 21. Rh3
Qd5 22. hxg6 fxg6 23. b3 Qg2 24. Qxg2 Bxg2 25. Rg3 Bc6 26. Bc4 Rxd1+ 27. Kxd1
Rd8+ 28. Ke2 Bd5 29. Bd3 Bh4 30. Rg1 g5 31. Rf1 a6 32. c4 Bc6 33. Rf6 Re8 34.
Ke3 Bg3 35. Bxg5 Bxe5 36. Rh6 Bb2 37. Bxh7+ Kg7 38. Ke2 e5 39. Bf5 e4 40. Rh7+
Kg8 41. Rh6 Kg7 42. Rh7+ Kg8 43. Rh6 Kg7 44. Rh7+ {Game drawn by repetition}
1/2-1/2

[Event "Team 45 45 League T88"]
[Site "Internet Chess Club"]
[Date "2021.05.08"]
[Round "5"]
[White "harishbn"]
[Black "Ajolote"]
[Result "1-0"]
[WhiteElo "1996"]
[BlackElo "1962"]
[Opening "Sicilian: Smith-Morra gambit"]
[ECO "B21"]
[Time "22:31:18"]
[TimeControl "2700+45"]

1. e4 c5 2. d4 cxd4 3. c3 dxc3 4. Nxc3 Nc6 5. Nf3 e6 6. Bf4 a6 7. Bc4 b5 8. Bb3
Bb7 9. O-O Na5 10. Bc2 Ne7 11. Bg3 Nc8 12. Rc1 Be7 13. e5 d5 14. Nd4 Nb6 15. Qg4
g6 16. Nce2 Qd7 17. b3 Nc6 18. Nxc6 Bxc6 19. Nd4 Bb7 20. f4 Ba3 21. Bh4 Bc5 22.
Bf2 Ba3 23. f5 gxf5 24. Nxf5 exf5 25. Bxf5 Qe7 26. Bxb6 Rb8 27. Rc7 Qxe5 28.
Bd7+ Kf8 29. Be6 {Black resigns} 1-0

[Event "Team 45 45 League T88"]
[Site "Internet Chess Club"]
[Date "2021.05.09"]
[Round "5"]
[White "zugknightly"]
[Black "ArturitoGalacti"]
[Result "1-0"]
[WhiteElo "1929"]
[BlackElo "1806"]
[Opening "English opening"]
[ECO "A20"]
[Time "18:05:56"]
[TimeControl "2700+45"]

1. c4 e5 2. g3 Nf6 3. Bg2 d5 4. cxd5 Nxd5 5. Nf3 Nc6 6. O-O Be7 7. d4 e4 8. Ne5
Nxe5 9. dxe5 f5 10. exf6 Nxf6 11. Qb3 Qd6 12. Nc3 Bf5 13. Qxb7 O-O 14. Nxe4 Bxe4
15. Bxe4 Rab8 16. Qc6 Nxe4 17. Qxe4 Bf6 18. Qc4+ Kh8 19. Bf4 Qe7 20. Rab1 Bxb2
21. Qxc7 Qxe2 22. Rxb2 Rxb2 23. Be5 Rg8 24. Bxb2 Qxb2 25. Qxa7 h6 26. a4 Rf8 27.
a5 Rf6 28. Qa8+ Kh7 29. a6 Qa3 30. a7 Qa4 31. Qb8 Ra6 32. Qb1+ Kg8 33. Rd1 Rxa7
34. Rd8+ Kf7 35. Qf5+ Ke7 36. Qf8+ Ke6 37. Qd6+ Kf5 38. Rf8+ Kg5 39. Qe5+ {Black
resigns} 1-0

[Event "Team 45 45 League T88"]
[Site "Internet Chess Club"]
[Date "2021.05.08"]
[Round "5"]
[White "gera-carp75"]
[Black "hipopotamos"]
[Result "1-0"]
[WhiteElo "1867"]
[BlackElo "1702"]
[Opening "Giuoco Piano"]
[ECO "C54"]
[Time "20:00:34"]
[TimeControl "2700+45"]

1. e4 e5 2. Bc4 Bc5 3. Nf3 Nc6 4. c3 Nf6 5. d3 h6 6. Bb3 d6 7. Nbd2 O-O 8. h3
Kh8 9. Nf1 Nh5 10. Ne3 Nf4 11. O-O f5 12. exf5 Bxf5 13. Nxf5 Rxf5 14. Bc2 Bb6
15. d4 Rf7 16. Bxf4 exf4 17. Qd3 g5 18. Rae1 Qf6 19. Bb3 Re7 20. Rxe7 Nxe7 21.
Re1 c5 22. Re6 Qg7 23. Qe4 d5 24. Qe2 Nf5 25. Bxd5 Rf8 26. Ne5 Kh7 27. Qh5 cxd4
28. Ng4 dxc3 29. Nxh6 Bxf2+ 30. Kh2 Nxh6 31. Be4+ Kg8 32. Rxh6 Bg3+ 33. Kh1 Rf6
34. Bd5+ Kf8 35. Rh8+ Ke7 36. Rh7 Kd6 37. Rxg7 c2 38. Rd7+ Kc5 39. Rc7+ Rc6 40.
b4+ Kb6 41. Rxb7+ Kxb7 42. Bxc6+ Kb6 43. Ba4 c1=Q+ 44. Qd1 Qxd1+ 45. Bxd1 Be1
46. a3 Kb5 47. Kg1 Bc3 48. Kf2 Bb2 49. Kf3 Bxa3 50. Kg4 Bc1 51. Bf3 Kxb4 52.
Kxg5 a5 53. h4 a4 54. Kf5 Kc4 55. Ke4 a3 56. Bh5 Kc5 57. Bf7 Kd6 58. Kf5 Ke7 59.
Kg6 Bd2 60. h5 Bc1 61. Ba2 Kd6 62. h6 f3 63. gxf3 Bxh6 64. Kxh6 Ke7 65. Kg7 Kd6
66. f4 Ke7 67. f5 Ke8 68. f6 Kd7 69. f7 Kc6 70. f8=Q Kd7 71. Kf6 Kc6 72. Ke6 Kb5
73. Kd5 Ka4 74. Kc5 Ka5 75. Qa8# {Black checkmated} 1-0

[Event "Team 45 45 League T88"]
[Site "Internet Chess Club"]
[Date "2021.05.09"]
[Round "5"]
[White "justice02"]
[Black "MathBandit"]
[Result "0-1"]
[WhiteElo "1652"]
[BlackElo "1653"]
[Opening "Sicilian defense"]
[ECO "B30"]
[Time "20:00:25"]
[TimeControl "2700+45"]

1. e4 c5 2. Nf3 Nc6 3. Nc3 d6 4. Be2 Nf6 5. d3 g6 6. O-O Bg7 7. Re1 O-O 8. a3
Bd7 9. Rb1 a5 10. h3 Qc7 11. Bg5 h6 12. Bf4 e5 13. Be3 Nd4 14. Nd2 b5 15. Qc1
Rfb8 16. Nd5 Nxd5 17. exd5 Nxe2+ 18. Rxe2 Qb7 19. c4 bxc4 20. dxc4 Bf5 21. h4
Bd3 22. Qd1 Bxe2 23. Qxe2 f5 24. f4 e4 25. g4 Bd4 26. Qf2 Bxe3 27. Qxe3 Qe7 28.
gxf5 gxf5 29. Qh3 e3 30. Nf3 Qe4 31. Re1 e2 32. Kf2 Rxb2 33. Rg1+ Kh8 34. Re1
Re8 35. Kg1 Qe3+ 36. Kh2 Qf2+ 37. Kh1 Re3 38. Qxf5 Qxf3+ 39. Kh2 Qf2+ 40. Kh1
Qf1+ 41. Kh2 Rh3+ 42. Qxh3 Qf2+ 43. Qg2 Qxe1 44. Qf3 Qxh4+ 45. Kg2 e1=N+ {White
resigns} 0-1

[Event "Team 45 45 League T88"]
[Site "Internet Chess Club"]
[Date "2021.05.12"]
[Round "5"]
[White "fishhead"]
[Black "MacroPawn"]
[Result "0-1"]
[WhiteElo "1749"]
[BlackElo "1836"]
[Opening "King's pawn opening"]
[ECO "B07"]
[Time "18:00:49"]
[TimeControl "2700+45"]

1. e4 d6 2. f4 c5 3. Nf3 Nc6 4. Bc4 g6 5. c3 Bg7 6. O-O Nf6 7. Qe2 O-O 8. a4 Re8
9. d3 d5 10. Bb5 d4 11. a5 Bg4 12. c4 e5 13. h3 Bxf3 14. Rxf3 Bh6 15. a6 Qc7 16.
axb7 Qxb7 17. Ra6 Rac8 18. g4 Bxf4 19. Bxf4 exf4 20. Rxf4 Re6 21. Qf2 Kg7 22.
Nd2 Qe7 23. Nf3 Nb4 24. Ra3 a6 25. Ba4 Rb8 26. e5 Ng8 27. g5 Qb7 28. Bd1 Rf8 29.
Re4 Nxd3 30. Qh4 Nb4 31. Nh2 h6 32. Rg3 Qe7 33. Qf4 Nc6 34. gxh6+ Nxh6 35. Rg5
f5 36. exf6+ Rfxf6 37. Rxe6 Qxe6 38. Qg3 Nf5 39. Qg4 Qe1+ 40. Nf1 Ne3 41. Qd7+
Kh6 {White resigns} 0-1

[Event "Team 45 45 League T88"]
[Site "Internet Chess Club"]
[Date "2021.05.10"]
[Round "5"]
[White "Legal"]
[Black "bobhill"]
[Result "1/2-1/2"]
[WhiteElo "1857"]
[BlackElo "1823"]
[Opening "Sicilian: Canal-Sokolsky (Nimzovich-Rossolimo, Moscow) attack"]
[ECO "B51"]
[Time "22:00:35"]
[TimeControl "2700+45"]

1. e4 c5 2. Nf3 d6 3. Bb5+ Nc6 4. O-O a6 5. Bxc6+ bxc6 6. d4 cxd4 7. Qxd4 e5 8.
Qd3 Nf6 9. c4 a5 10. Nc3 Be7 11. h3 O-O 12. Rd1 Ba6 13. b3 Qc7 14. Bg5 Rfd8 15.
Rac1 Nh5 16. Be3 h6 17. Qc2 Nf6 18. Ne2 Bc8 19. Ng3 Be6 20. Rd2 Bf8 21. Rcd1 g6
22. Rd3 Ne8 23. Qd2 Kh7 24. Nxe5 a4 25. Nf3 axb3 26. axb3 Rdb8 27. Nd4 Ra3 28.
f4 Rba8 29. Qf2 Bg7 30. Nxe6 fxe6 31. f5 Ra2 32. fxg6+ Kxg6 33. Qf3 Kh7 34. Nh5
Rc2 35. Rf1 Raa2 36. Rf2 Ra1+ 37. Rd1 Rxf2 38. Bxf2 Rxd1+ 39. Qxd1 Be5 40. Qg4
Qa5 41. Nf4 Qa1+ 42. Kh2 Nf6 43. Qg6+ Kh8 44. Qxh6+ Kg8 45. Qg6+ Kf8 46. Bg3 Ke7
47. h4 Qf1 48. Qg7+ Ke8 49. Qg6+ Ke7 50. Nh3 Bxg3+ 51. Qxg3 Nxe4 52. Qg7+ Qf7
53. Qd4 Qf5 54. Qa7+ Kf6 55. Qc7 Qe5+ 56. Kg1 Qc5+ 57. Kh2 Qe5+ 58. Kg1 Qc5+ 59.
Kh2 Qe5+ {Game drawn by repetition} 1/2-1/2

[Event "Team 45 45 League T88"]
[Site "Internet Chess Club"]
[Date "2021.05.08"]
[Round "5"]
[White "filmdirector"]
[Black "DeepPoo"]
[Result "0-1"]
[WhiteElo "1624"]
[BlackElo "1733"]
[Opening "French: Labourdonnais variation"]
[ECO "C00"]
[Time "15:04:12"]
[TimeControl "2700+45"]

1. e4 e6 2. f4 d5 3. d3 dxe4 4. Nc3 exd3 5. Bxd3 Bd6 6. Nf3 Nf6 7. O-O Nbd7 8.
f5 e5 9. Re1 O-O 10. Bg5 Re8 11. Nd5 c6 12. Nc3 Qb6+ 13. Kh1 Qxb2 14. Ne4 Nxe4
15. Bxe4 Be7 16. Bxe7 Rxe7 17. f6 Nxf6 18. Ng5 h6 19. Nxf7 Rxf7 20. Bg6 Rd7 21.
Qf3 Re7 22. Reb1 e4 23. Qg3 Qe5 24. Qe3 Bf5 25. Qb3+ Be6 26. Qe3 Ng4 27. Qg1 Rf8
28. Rf1 Rxf1 29. Rxf1 Qg5 30. Bxe4 Qe3 31. Qxe3 Nxe3 32. Re1 Ng4 33. Bf5 Kf7 34.
Bxe6+ Rxe6 35. Rf1+ Rf6 36. Re1 Rf2 37. h3 Nf6 38. Rc1 Nd5 39. Kg1 Rd2 40. c4
Ne3 41. Rc3 Nxg2 42. Rf3+ Kg8 43. a4 g5 44. Rg3 Nf4 45. h4 Ne2+ 46. Kf2 Nxg3+
47. Kxg3 {White resigns} 0-1

[Event "Team 45 45 League T88"]
[Site "Internet Chess Club"]
[Date "2021.05.08"]
[Round "5"]
[White "WillC"]
[Black "Kingfisher75"]
[Result "0-1"]
[WhiteElo "1478"]
[BlackElo "1573"]
[Opening "Queen's pawn game, Darooha variation "]
[ECO "D02"]
[Time "13:03:02"]
[TimeControl "2700+45"]

1. d4 d5 2. Nf3 Nf6 3. b3 c5 4. e3 Nc6 5. Bb2 Bg4 6. Be2 e6 7. O-O b6 8. Nbd2
Be7 9. Rc1 O-O 10. c4 Rc8 11. a3 Bh5 12. Ne5 Bxe2 13. Qxe2 Nd7 14. f4 f6 15. Nd3
cxd4 16. exd4 e5 17. fxe5 fxe5 18. dxe5 d4 19. Nf3 Bg5 20. Nxg5 Qxg5 21. Rxf8+
Rxf8 22. Re1 Re8 23. e6 Nf8 24. Qf3 Nd8 25. Bxd4 Rxe6 26. Rxe6 Nfxe6 27. Be3 Qa5
28. a4 Qc3 29. Nf4 Qe1+ 30. Qf1 Qxe3+ {White resigns} 0-1

[Event "Team 45 45 League T88"]
[Site "Internet Chess Club"]
[Date "2021.05.10"]
[Round "5"]
[White "primerpaso"]
[Black "harrington"]
[Result "1-0"]
[WhiteElo "1855"]
[BlackElo "1516"]
[Opening "English: Bremen, Smyslov system"]
[ECO "A21"]
[Time "15:15:43"]
[TimeControl "2700+45"]

1. c4 e5 2. Nc3 Bb4 3. g3 Nf6 4. Bg2 O-O 5. e4 Nc6 6. Nge2 d6 7. O-O a5 8. h3
Bc5 9. Kh2 Nd4 10. d3 c6 11. f4 exf4 12. Bxf4 h6 13. Qd2 Be6 14. Rae1 g5 15.
Bxg5 hxg5 16. Qxg5+ {Black resigns} 1-0

[Event "Team 45 45 League T88"]
[Site "Internet Chess Club"]
[Date "2021.05.08"]
[Round "5"]
[White "Electryon"]
[Black "andrew37"]
[Result "1/2-1/2"]
[WhiteElo "1381"]
[BlackElo "1639"]
[Opening "English opening"]
[ECO "A16"]
[Time "17:00:52"]
[TimeControl "2700+45"]

1. c4 Nf6 2. Nc3 g6 3. g3 c6 4. e4 d6 5. Bg2 Bg7 6. Nge2 e5 7. O-O Be6 8. d3 O-O
9. h3 Na6 10. Be3 Nd7 11. f4 f5 12. Rb1 fxe4 13. Nxe4 Nf6 14. b3 Qd7 15. Kh2 Nc7
16. fxe5 dxe5 17. Nc5 Qc8 18. Nxe6 Qxe6 19. Qc2 a6 20. Bb6 Qd7 21. Rbd1 Ne6 22.
d4 exd4 23. Nxd4 Nxd4 24. Bxd4 Ng4+ 25. hxg4 Bxd4 26. Qe4 Rad8 27. Rxf8+ Kxf8
28. Kh3 Qg7 29. Rf1+ Kg8 30. Qe6+ Kh8 31. g5 Qd7 32. Re1 Qxe6+ 33. Rxe6 Rd7 34.
Kg4 Kg7 35. Bh3 Kf7 36. Kf3 a5 37. Rxc6 bxc6 38. Bxd7 c5 39. Ke4 Ke7 40. Bc6 Bf2
41. g4 Bh4 42. Kf4 Be1 43. Ke3 Bh4 44. Kf4 Be1 45. Ke3 Bh4 46. Kf4 {Game drawn
by repetition} 1/2-1/2

[Event "Team 45 45 League T88"]
[Site "Internet Chess Club"]
[Date "2021.05.07"]
[Round "5"]
[White "MartyJR"]
[Black "tryanything"]
[Result "1-0"]
[WhiteElo "1540"]
[BlackElo "1456"]
[Opening "QGD: Marshall defense"]
[ECO "D06"]
[Time "20:49:29"]
[TimeControl "2700+45"]

1. d4 d5 2. c4 Nf6 3. Nc3 Bf5 4. Qb3 dxc4 5. Qxb7 Nbd7 6. e3 Be4 7. Nxe4 Nxe4 8.
Qxe4 Nf6 9. Qc2 e6 10. Bxc4 Bb4+ 11. Bd2 Bxd2+ 12. Qxd2 O-O 13. Nf3 Ne4 14. Qc2
Nd6 15. Bd3 g6 16. O-O Qf6 17. Ne5 Rfd8 18. Rac1 Nf5 19. Bxf5 exf5 20. Qxc7
{Black resigns} 1-0

[Event "Team 45 45 League T88"]
[Site "Internet Chess Club"]
[Date "2021.05.09"]
[Round "5"]
[White "clarinetref"]
[Black "goldeen7"]
[Result "1-0"]
[WhiteElo "1491"]
[BlackElo "1327"]
[Opening "English opening"]
[ECO "A05"]
[Time "09:05:13"]
[TimeControl "2700+45"]

1. Nf3 Nf6 2. c4 g6 3. g3 Bg7 4. Bg2 O-O 5. O-O d6 6. Nc3 e5 7. d3 Nh5 8. e4 f5
9. exf5 gxf5 10. Nh4 f4 11. Qxh5 fxg3 12. Bd5+ Kh8 13. Ng6# {Black checkmated}
1-0

[Event "Team 45 45 League T88"]
[Site "Internet Chess Club"]
[Date "2021.05.08"]
[Round "5"]
[White "vhuffst"]
[Black "handsomematch"]
[Result "1-0"]
[WhiteElo "1388"]
[BlackElo "1411"]
[Opening "English: Anglo-Grünfeld, Smyslov defense"]
[ECO "A16"]
[Time "20:20:39"]
[TimeControl "2700+45"]

1. c4 Nf6 2. Nc3 d5 3. cxd5 Nxd5 4. g3 g6 5. Bg2 Nxc3 6. bxc3 Bg7 7. Rb1 c6 8.
Nf3 O-O 9. O-O Qc7 10. d4 Bg4 11. h3 Bxf3 12. Bxf3 Nd7 13. e4 c5 14. e5 Nb6 15.
Be3 Rfd8 16. Qb3 cxd4 17. cxd4 e6 18. Rfc1 Qe7 19. h4 Rac8 20. Bg5 f6 21. exf6
Bxf6 22. Bg4 Rxc1+ 23. Rxc1 Kf7 24. Re1 Rd6 25. Bf4 Rc6 26. d5 Nxd5 27. Bxe6+
Rxe6 28. Qxd5 Bc3 29. Bg5 Qd6 30. Qxb7+ Kg8 31. Qc8+ Kf7 32. Qxc3 {Black
resigns} 1-0

[Event "Team 45 45 League T88"]
[Site "Internet Chess Club"]
[Date "2021.05.10"]
[Round "5"]
[White "aec7r3b"]
[Black "marioseixas1992"]
[Result "0-1"]
[WhiteElo "1224"]
[BlackElo "1318"]
[Opening "Sicilian: accelerated fianchetto, modern variation"]
[ECO "B34"]
[Time "09:01:13"]
[TimeControl "2700+45"]

1. e4 c5 2. Nf3 Nc6 3. d4 cxd4 4. Nxd4 g6 5. Nc3 Bg7 6. Be3 e6 7. Qd2 Nge7 8.
O-O-O d5 9. Kb1 O-O 10. exd5 Nxd5 11. Ne4 f5 12. Nxc6 bxc6 13. Bg5 Qb6 14. c4
fxe4 15. cxd5 Rxf2 16. Be2 Qxb2+ 17. Qxb2 Bxb2 18. dxc6 Rxe2 19. Rd8+ Kg7 20. g3
Be5 21. Rhd1 Rb8+ 22. Kc1 Bb2+ 23. Kb1 Bf6+ 24. Kc1 Bxg5+ 25. R8d2 Bxd2+ 26.
Rxd2 Rxd2 27. Kxd2 Rb2+ 28. Ke3 Rc2 29. Kxe4 Rxc6 30. h4 Rc2 31. a3 Ra2 32. Kd4
Rxa3 33. g4 e5+ 34. Kxe5 Bxg4 35. Kf4 h5 36. Kg5 Rb3 37. Kf4 a5 38. Ke4 a4 39.
Kd4 a3 40. Kc4 Rb8 41. Kc3 a2 42. Kc2 a1=Q {White resigns} 0-1

[Event "Team 45 45 League T88"]
[Site "Internet Chess Club"]
[Date "2021.05.12"]
[Round "5"]
[White "piirimae"]
[Black "eevee11"]
[Result "1/2-1/2"]
[WhiteElo "1364"]
[BlackElo "1188"]
[Opening "Scandinavian defense"]
[ECO "B01"]
[Time "15:00:00"]
[TimeControl "2700+45"]

1. e4 d5 2. exd5 Nf6 3. Nc3 Nxd5 4. g3 Nxc3 5. bxc3 Nc6 6. Bg2 Bd7 7. Nf3 e5 8.
d3 Bd6 9. Rb1 Qc8 10. O-O O-O 11. Re1 Re8 12. Ng5 h6 13. Ne4 b6 14. Bxh6 gxh6
15. Nf6+ Kh8 16. Qh5 Kg7 17. Nxe8+ Qxe8 18. d4 f6 19. Qe2 exd4 20. Bxc6 Bxc6 21.
Qg4+ Qg6 22. Qxg6+ Kxg6 23. cxd4 Rd8 24. c3 Ba3 25. Rb3 {Game drawn by mutual
agreement} 1/2-1/2

[Event "Team 45 45 League T88"]
[Site "Internet Chess Club"]
[Date "2021.05.07"]
[Round "5"]
[White "buptwy"]
[Black "Pawnchain"]
[Result "0-1"]
[WhiteElo "1105"]
[BlackElo "1373"]
[Opening "French: Steinitz variation"]
[ECO "C11"]
[Time "12:00:30"]
[TimeControl "2700+45"]

1. e4 e6 2. d4 d5 3. Nc3 Nf6 4. e5 Nfd7 5. Nf3 c5 6. Bb5 a6 7. Bd3 Nc6 8. Be2
cxd4 9. Nxd4 Ndxe5 10. Nxc6 bxc6 11. O-O Bd6 12. Bh5 O-O 13. Kh1 Qh4 14. f4 Ng6
15. Qf3 e5 16. Bxg6 fxg6 17. Qg3 Qxg3 18. h3 Bxh3 19. gxh3 Qxh3+ 20. Kg1 Bc5+
21. Rf2 e4 22. Nd1 Rf5 23. Ne3 Bxe3 24. Bxe3 Rh5 25. Rg2 Qxe3+ 26. Rf2 Qh3 27.
Rg2 e3 28. Kf1 Qf3+ 29. Kg1 Rf8 30. Rf1 Qh3 {White resigns} 0-1